 Dungeon Crawl Stone Soup version 0.17.1-3-g152610e (webtiles) character file.

345 kaze the Covert (level 6, -2/36 HPs)
             Began as a Kobold Assassin on Mar 21, 2016.
             Slain by a phantom (5 damage)
             ... on level 5 of the Dungeon.
             The game lasted 00:08:28 (3358 turns).

kaze the Covert (Kobold Assassin)                   Turns: 3358, Time: 00:08:28

Health: -2/36      AC:  5    Str: 10    XL:     6   Next: 89%
Magic:  6/6        EV: 15    Int:  9    God:
Gold:   212        SH:  0    Dex: 19    Spells: 0 memorised, 5 levels left

rFire  . . .     SeeInvis .     a - +0 rapier
rCold  . . .     Clarity  .     u - +0 leather armour
rNeg   + . .     SustAt   .     (shield restricted)
rPois  .         Gourm    .     (no helmet)
rElec  .         Spirit   .     d - +1 cloak
rCorr  .         Warding  .     (no gloves)
rMut   .         Stasis   .     (no boots)
MR     .....                    (no amulet)
Stlth  +++++.....               (no ring)
                                w - ring of positive energy

@: not resistant to hostile enchantments, quite stealthy
A: carnivore 3
a: no special abilities


You were on level 5 of the Dungeon.
You were completely stuffed.

You visited 1 branch of the dungeon, and saw 5 of its levels.

You collected 212 gold pieces.

Inventory:

Hand Weapons
 a - a +0 rapier (weapon)
 b - a +0 blowgun
 r - a +2 dagger
Missiles
 e - 27 poisoned needles
 f - 2 curare-tipped needles
Armour
 d - a +1 cloak (worn)
 u - a +0 leather armour (worn)
Jewellery
 w - a ring of positive energy (left hand)
Wands
 c - a wand of draining (8)
 h - a wand of enslavement (10)
 y - a wand of frost (12)
 C - a wand of polymorph (17)
Scrolls
 i - 2 scrolls of noise
 j - 2 scrolls of immolation
 k - 3 scrolls of remove curse
 p - a scroll of fog
 v - a scroll of blinking {unknown}
 B - a scroll of identify
 D - a scroll of recharging {unknown}
 E - a scroll of magic mapping
Potions
 m - 6 potions of curing {unknown}
 n - 2 potions of might {unknown}
 o - 2 potions of agility {unknown}
 s - a potion of degeneration {unknown}
 t - a potion of flight {unknown}
 z - a potion of haste {unknown}
 A - a potion of brilliance {unknown}
Books
 x - a book of Spatial Translocations

   Spells                             Type                      Level
   a - Apportation                    Translocation                1
   b - Blink                          Translocation                2
   c - Shroud of Golubria             Charms/Translocation         2
   d - Portal Projectile              Translocation                3
   e - Teleport Other                 Translocation                3
   f - Passage of Golubria            Translocation                4
Comestibles
 g - 5 meat rations
 l - a beef jerky
 q - 2 slices of pizza
 F - a chunk of flesh


   Skills:
 + Level 2.6 Fighting
 + Level 3.3 Short Blades
 + Level 3.7 Throwing
 + Level 0.5 Armour
 + Level 2.8 Dodging
 * Level 8.7 Stealth


You had 5 spell levels left.
You didn't know any spells.

Dungeon Overview and Level Annotations

Branches:
Dungeon (5/15)
 Temple: D:4-7

Altars:
Kikubaaqudgha
Ru
Sif Muna
The Shining One


Innate Abilities, Weirdness & Mutations

You are small and have problems with some larger weapons.
You are carnivorous and can eat meat at any time.


Message History

The phantom is severely damaged.
The phantom misses you.
You puncture the phantom!
The phantom is almost destroyed.
The phantom hits you but does no damage.
You hit the phantom.
The phantom is almost destroyed.
The phantom hits you but does no damage.
You miss the phantom.
The phantom is almost destroyed.
The phantom blinks!
The phantom barely misses you.
You hit the phantom.
The phantom is almost destroyed.
The phantom closely misses you. The phantom hits you.
* * * LOW HITPOINT WARNING * * *
You hit the phantom but do no damage.
The phantom is almost destroyed.
The phantom hits you.
You die...

#.......######...#
#######........#..#
####......#..#
#.####.##.# #.# .. ..#
##.# #. .##
.#######..# ?..#
.........#######.[#.##
#######.W@........(...
#.########.(###. #.#
.# ..# # ####


You could see a phantom.

Vanquished Creatures
  A centaur (D:5)
  A vampire bat (D:4)
  A jelly (D:3)
  Crazy Yiuf (D:3)
  Ijyb (D:2)
  A worker ant (D:5)
  An adder (D:4)
  A shadow imp (D:5)
  2 oozes
  2 worms
  3 giant geckos
  2 orcs
  2 bat skeletons (D:4)
  3 bat zombies (D:4)
  10 giant cockroaches
  8 goblins
  4 hobgoblins
  7 jackals
  5 kobolds
  4 quokkas
  3 ball pythons
  4 bats
  6 giant newts
  6 rats
79 creatures vanquished.

Notes
Turn   | Place    | Note
--------------------------------------------------------------
     0 | D:1      | kaze the Kobold Assassin began the quest for the Orb.
     0 | D:1      | Reached XP level 1. HP: 12/12 MP: 1/1
   115 | D:1      | Reached XP level 2. HP: 12/17 MP: 2/2
   154 | D:1      | Reached skill level 6 in Stealth
   341 | D:1      | Reached XP level 3. HP: 20/22 MP: 3/3
  1165 | D:2      | Noticed Ijyb
  1177 | D:2      | Killed Ijyb
  1177 | D:2      | Reached XP level 4. HP: 14/27 MP: 4/4
  1788 | D:2      | Reached skill level 7 in Stealth
  2140 | D:3      | Reached XP level 5. HP: 31/31 MP: 5/5
  2500 | D:3      | Noticed Crazy Yiuf
  2502 | D:3      | Killed Crazy Yiuf
  2675 | D:3      | Found a glowing golden altar of the Shining One.
  2983 | D:4      | Found an ancient bone altar of Kikubaaqudgha.
  3005 | D:4      | Reached skill level 8 in Stealth
  3005 | D:4      | Reached XP level 6. HP: 30/36 MP: 6/6
  3199 | D:5      | Entered Level 5 of the Dungeon
  3201 | D:5      | Found a sacrificial altar of Ru.
  3264 | D:5      | Found a deep blue altar of Sif Muna.
  3358 | D:5      | Slain by a phantom

Action                   |  1- 3 |  4- 6 || total
-------------------------+-------+-------++-------
Melee: Dagger            |    80 |    46 ||   126
       Rapier            |       |    90 ||    90
 Fire: Blowgun           |    16 |    45 ||    61
  Use: Scroll            |       |     7 ||     7
 Stab: Sleeping          |    17 |    26 ||    43
       Distracted        |     2 |     1 ||     3
  Eat: Chunk             |     3 |    13 ||    16
